 Dungeon Crawl Stone Soup version 0.18.1-48-g4cf74bf (webtiles) character file.

89 tyranidshit the Grave Robber (level 4, -1/40 HPs)
             Began as a Deep Dwarf Necromancer on July 11, 2016.
             Slain by TBriggs11TB's ghost (3 damage)
             ... on level 3 of the Dungeon.
             The game lasted 00:11:40 (1839 turns).

tyranidshit the Grave Robber (DDNe)                 Turns: 1839, Time: 00:11:41

Health: -1/40      AC:  9    Str: 12    XL:     4   Next: 31%
Magic:  7/7        EV:  9    Int: 16    God:
Gold:   186        SH:  0    Dex: 13    Spells: 2 memorised, 4 levels left

rFire  . . .     SeeInvis .     q - +0 falchion
rCold  . . .     Gourm    .     m - +2 scale mail {MR+}
rNeg   . . .     Faith    .     (no shield)
rPois  .         Spirit   .     (no helmet)
rElec  .         Dismiss  .     (no cloak)
rCorr  .         Reflect  .     i - +0 pair of gloves
SustAt .         Harm     .     (no boots)
MR     +....                    (no amulet)
Stlth  +.........               (no ring)
                                (no ring)

@: non-regenerating, somewhat resistant to hostile enchantments, very unstealthy
A: damage resistance, recharge devices, sense surroundings 1, slow regeneration
3
a: Device Recharging


You were on level 3 of the Dungeon.
You were not hungry.

You visited 1 branch of the dungeon, and saw 3 of its levels.

You collected 186 gold pieces.

Inventory:

Hand Weapons
 e - a +0 club
 l - a -2 dagger
 o - a +0 hand axe
 q - a +0 falchion (weapon)
Armour
 a - a +0 robe
 i - a +0 pair of gloves (worn)
 m - a +2 scale mail of magic resistance (worn)
Wands
 c - a wand of heal wounds (0/9)
Scrolls
 d - a scroll of blinking
 f - a scroll of teleportation
 g - 3 scrolls of magic mapping
 j - 2 scrolls of fog
 n - 2 scrolls of remove curse
 r - a scroll of noise {unknown}
Potions
 k - 2 potions of curing
 s - a potion of cancellation {unknown}
Books
 b - a book of Necromancy

   Spells                             Type                      Level
   a - Pain                           Necromancy                   1
   b - Animate Skeleton               Necromancy                   1
   c - Vampiric Draining              Necromancy                   3
   d - Regeneration                   Charms/Necromancy            3
   e - Animate Dead                   Necromancy                   4
   f - Control Undead                 Necromancy                   4
Comestibles
 h - a royal jelly
 p - 2 meat rations


   Skills:
 + Level 2.5 Fighting
 - Level 2.1 Dodging
 - Level 2.4 Stealth
 + Level 2.9 Spellcasting
 - Level 4.3 Necromancy


You had 4 spell levels left.
You knew the following spells:

 Your Spells              Type           Power        Failure   Level  Hunger
a - Pain                  Necr           ###.         17%         1    #......
b - Vampiric Draining     Necr           ###.......   56%         3    ###....


Dungeon Overview and Level Annotations

Branches:
Dungeon (3/15)

Altars:
Yredelemnul

Annotations:
D:3 TBriggs11TB's ghost, amateur HOFi


Innate Abilities, Weirdness & Mutations

You are resistant to damage.
You can recharge devices by infusing magical energy.
You passively map a small area around you.
You do not regenerate naturally.


Message History

TBriggs11TB's ghost hits you but does no damage.
You barely miss TBriggs11TB's ghost.
TBriggs11TB's ghost is almost destroyed.
TBriggs11TB's ghost hits you. x2
You completely miss TBriggs11TB's ghost.
TBriggs11TB's ghost is almost destroyed.
TBriggs11TB's ghost hits you.
* * * LOW HITPOINT WARNING * * *
You closely miss TBriggs11TB's ghost.
TBriggs11TB's ghost is almost destroyed.
TBriggs11TB's ghost completely misses you.
You barely miss TBriggs11TB's ghost.
TBriggs11TB's ghost is almost destroyed.
TBriggs11TB's ghost completely misses you.
You closely miss TBriggs11TB's ghost.
TBriggs11TB's ghost is almost destroyed.
TBriggs11TB's ghost hits you!
* * * LOW HITPOINT WARNING * * *
TBriggs11TB's ghost hits you.
You die...

#......# #.........#
######'###########.#
####......# #.# #.........#
#.####
#.........##########....#
######.........#...........#.#
....)'.....>...#.#########.#.#
######(...#'#'##W#* , #.#W#
#....#.#.##@##.#,* #.#.##
######.#..#.##.#, #....#
#.#...>##.#, ######
#.#..####.# ####.#..* ##.## ##
#....... ,,... ,,* .# #.##.#.#
#.#* .# ####.##.#.#####.# .#
#....##.#.......#


You could see TBriggs11TB's ghost.

Vanquished Creatures
  3 adders
  An ooze (D:1)
  2 worms
  2 dart slugs
  A giant gecko (D:1)
  3 giant cockroaches (D:2)
  4 hobgoblins
  6 kobolds
  3 ball pythons (D:1)
  4 bats
  11 giant newts
  6 goblins
  7 rats
53 creatures vanquished.

Vanquished Creatures (others)
  3 plants (D:1)
3 creatures vanquished.

Grand Total: 56 creatures vanquished

Notes
Turn   | Place    | Note
--------------------------------------------------------------
     0 | D:1      | tyranidshit the Deep Dwarf Necromancer began the quest for the Orb.
     0 | D:1      | Reached XP level 1. HP: 15/15 MP: 3/3
   138 | D:1      | Reached skill level 1 in Fighting
   161 | D:1      | Reached XP level 2. HP: 23/25 MP: 1/5
   482 | D:1      | Reached XP level 3. HP: 17/31 MP: 4/6
   487 | D:1      | Learned a level 3 spell: Vampiric Draining
   680 | D:2      | Found a basalt altar of Yredelemnul.
  1326 | D:2      | Reached XP level 4. HP: 22/40 MP: 2/8
  1437 | D:3      | Noticed TBriggs11TB's ghost (amateur HOFi)
  1818 | D:3      | HP: 1/40 [TBriggs11TB's ghost (9)]
  1839 | D:3      | HP: 2/40 [TBriggs11TB's ghost (10)]
  1839 | D:3      | Slain by TBriggs11TB's ghost

Skill      XL: |  1  2  3 |
---------------+----------+-----
Spellcasting   | 2 |  2.9
Fighting       | 1 2 |  2.5
Dodging        | |  2.1
Stealth        | |  2.4
Necromancy     | |  4.3

Action                   |  1- 3 |  4- 6 || total
-------------------------+-------+-------++-------
Melee: Club              |    55 |       ||    55
       Dagger            |    14 |       ||    14
       Hand axe          |    49 |    10 ||    59
       Falchion          |       |    78 ||    78
 Cast: Pain              |    54 |       ||    54
       Vampiric Draining |     3 |       ||     3
 Abil: Device Recharging |       |     1 ||     1
Evoke: Wand              |     2 |     6 ||     8
  Use: Scroll            |     5 |       ||     5
       Potion            |     3 |       ||     3
  Eat: Bread ration      |     1 |     1 ||     2
Armor: Robe              |    18 |       ||    18
       Scale mail        |    46 |    37 ||    83
Dodge: Dodged            |   112 |    46 ||   158
